 Dungeon Crawl Stone Soup version 0.24.1 (webtiles) character file.

Game seed: 11895102365973566877, levelgen mode: deterministic

240 Descartes the Magician (level 5, -9/28 HPs)
             Began as a Deep Elf Air Elementalist on Mar 26, 2020.
             Mangled by an ogre
             ... wielding a +0 giant club
              (17 damage)
             ... on level 4 of the Dungeon.
             The game lasted 00:07:46 (3820 turns).

Descartes the Magician (Deep Elf Air Elementalist)  Turns: 3820, Time: 00:07:47

Health: -9/28      AC:  6    Str:  5    XL:     5   Next: 79%
Magic:  11/13      EV: 13    Int: 21    God:
Gold:   196        SH:  0    Dex: 15    Spells: 11/12 levels left

rFire    + . .     SeeInvis .   s - +0 long sword
rCold    . . .     Gourm    .   (no shield)
rNeg     . . .     Faith    .   t - +1 leather armour {rF+}
rPois    .         Spirit   .   w - +0 helmet
rElec    .         Reflect  .   (no cloak)
rCorr    .         Harm     .   j - +0 pair of gloves (curse)
MR       .....                  (no boots)
Stlth    ++........             E - amulet of magic regeneration
HPRegen  0.09/turn              (no ring)
MPRegen  0.38/turn              (no ring)

@: no status effects
A: no striking features
a: no special abilities


You were on level 4 of the Dungeon.
You were not hungry.

You visited 1 branch of the dungeon, and saw 4 of its levels.

You collected 196 gold pieces.

Inventory:

Hand Weapons
 g - a +1 dagger of protection
 q - a +0 quarterstaff
 s - a +0 long sword (weapon)
Missiles
 d - 13 boomerangs (quivered)
 f - 175 stones
 k - 52 sling bullets
 l - 29 arrows
 z - 15 bolts
 D - 19 poisoned darts
Armour
 a - a +0 robe
 j - a cursed +0 pair of gloves (worn)
 t - a +1 leather armour of fire resistance (worn)
 w - a +0 helmet (worn)
 F - a +0 shield
Jewellery
 E - an amulet of magic regeneration (around neck)
Scrolls
 i - 4 scrolls of remove curse {unknown}
 m - 2 scrolls of amnesia {unknown}
 o - a scroll of magic mapping {unknown}
 p - a scroll of identify {unknown}
 u - a scroll of teleportation {unknown}
 x - a scroll of blinking {unknown}
 y - a scroll of immolation {unknown}
 A - a scroll of fear {unknown}
 B - a scroll of enchant weapon {unknown}
Potions
 b - 3 potions of lignification {unknown}
 e - a potion of experience {unknown}
 h - 2 potions of brilliance {unknown}
 n - a potion of resistance {unknown}
 r - 3 potions of heal wounds {unknown}
 v - a potion of might {unknown}
Comestibles
 c - 12 rations
 C - 5 chunks of flesh


   Skills:
 * Level 1.0 Armour
 + Level 3.9 Dodging
 + Level 4.0 Stealth
 + Level 0.0 Shields
 + Level 4.4 Spellcasting
 + Level 2.8 Conjurations
 + Level 3.8 Air Magic


You had 11 spell levels left.
You knew the following spells:

 Your Spells              Type           Power        Failure   Level  Hunger
a - Shock                 Conj/Air       ###.         4%          1    None

Your spell library contained the following spells:

 Spells                   Type           Power        Failure   Level  Hunger
 Swiftness                Chrm/Air       ##......     13%         2    #......
 Static Discharge         Conj/Air       ###.....     14%         3    ##.....
 Airstrike                Air            ###.......   36%         4    ####...
 Lightning Bolt           Conj/Air       ###.......   78%         5    ######.


Dungeon Overview and Level Annotations

Branches:
Dungeon (4/15)
 Temple: D:4-7

Altars:
Cheibriados
Elyvilon
Gozag
Kikubaaqudgha
Makhleb
Nemelex Xobeh
Qazlal
Sif Muna
Yredelemnul
The Shining One

Shops:
D:4 (


Message History

Casting: Shock (safe; 4% risk of failure)
Confirm with . or Enter, or press ? or * to list all spells.
Aiming: Shock (safe; 4% risk of failure)
Press: ? - help, Shift-Dir - straight line, f/p - ogre
Aim: an ogre, wielding a +0 giant club (lightly wounded)
The zap hits the ogre.
The ogre is moderately wounded.
The ogre hits you with a +0 giant club!!
Ouch! That really hurt!
* * * LOW HITPOINT WARNING * * *
Casting: Shock (safe; 4% risk of failure)
Confirm with . or Enter, or press ? or * to list all spells.
Aiming: Shock (safe; 4% risk of failure)
Press: ? - help, Shift-Dir - straight line, f/p - ogre
Aim: an ogre, wielding a +0 giant club (moderately wounded)
The zap hits the ogre!
The ogre is heavily wounded.
The ogre hits you with a +0 giant club!
Ouch! That really hurt!
You die...

#....# ### ###.## #### #### #..
#### #.# ##._.###._.## #.. ...#
#.# #.....⌠.....# #.. ...# #.#
#.[⌠.....⌠..########..
...#####.####.........##.........
............###.....###.....##.##
...#####.##...###O###...#####..##
...........#....@..#.######...##.
...##...##...........#####..##...
...#..####..)..................##
...#.###...........[###.....####
...#.##....#........##........#
####.####.....####......#####...#
####.# #.###..####..##.. .#.#
...#.####.# ##..# #...### ....
##.....##.# ##.###.#.# ####..


You could see an ogre.

Vanquished Creatures
  A crimson imp (D:2)
  A bullfrog skeleton (D:2)
  Terence (D:2)
  A howler monkey skeleton (D:4)
  6 adders
  An ooze (D:3)
  A worm (D:2)
  3 dart slugs
  A leopard gecko (D:4)
  10 orcs
  A giant cockroach (D:3)
  11 goblins
  A hobgoblin (D:1)
  4 jackals (D:2)
  6 kobolds
  2 quokkas
  7 bats
  4 frilled lizards
  A quokka skeleton (D:4)
  8 rats
71 creatures vanquished.

Notes
Turn   | Place    | Note
-------+----------+-------------------------------------------
     0 | D:1      | Descartes the Deep Elf Air Elementalist began the quest for
                  | the Orb.
     0 | D:1      | Reached XP level 1. HP: 10/10 MP: 6/6
   213 | D:1      | Reached XP level 2. HP: 15/15 MP: 5/8
   962 | D:2      | Reached XP level 3. HP: 19/19 MP: 3/10
  1202 | D:2      | Found a basalt altar of Yredelemnul.
  1313 | D:2      | Found a burning altar of Makhleb.
  1344 | D:2      | Reached XP level 4. HP: 24/24 MP: 2/11
  1505 | D:2      | Noticed Terence
  1510 | D:2      | Killed Terence
  1669 | D:2      | Reached XP level 5. HP: 28/28 MP: 8/13
  1743 | D:2      | Found an ancient bone altar of Kikubaaqudgha.
  1840 | D:2      | Found an opulent altar of Gozag.
  2111 | D:2      | Found a snail-covered altar of Cheibriados.
  2319 | D:3      | Found a white marble altar of Elyvilon.
  3310 | D:4      | Found a shimmering blue altar of Sif Muna.
  3319 | D:4      | Found a glowing golden altar of the Shining One.
  3368 | D:4      | Found Sini Kod's Weapon Boutique.
  3431 | D:4      | Found a sparkling altar of Nemelex Xobeh.
  3549 | D:4      | Found a stormy altar of Qazlal.
  3609 | D:4      | Reached skill level 1 in Armour
  3813 | D:4      | Noticed an ogre
  3820 | D:4      | Mangled by an ogre

Levels and vault maps discovered:
D:1:      lightli_arrival_statue_moat, layout_loops_ring
D:2:      layout_loops_ring, lemuel_doored_altar, old_standard_altar,
          lemuel_crystal_altar, lemuel_crystal_altar, makhleb_grotto_becter,
          uniq_terence
D:3:      layout_loops_ring, old_standard_altar, first_ration,
          palyth_stone_intersect
D:4:      layout_rooms, nicolae_qazlal_eye_of_the_storm,
          gammafunk_temple_overflow_pools, serial_shops, nicolae_shop_trees,
          st_stairs_9, nemelex_diamond_rough_becter

Skill      XL: |  1  2  3  4  5 |
---------------+----------------+-----
Stealth        | 3 4 |  4.0
Dodging        | 3 |  3.9
Conjurations   | 2 |  2.8
Spellcasting   | 4 |  4.4
Armour         | 1 |  1.0
Air Magic      | |  3.8

Action                   |  1- 3 |  4- 6 || total
-------------------------+-------+-------++-------
Melee: Dagger            |       |     1 ||     1
 Cast: Shock             |    67 |   102 ||   169
 Stab: Sleeping          |       |     1 ||     1
  Eat: Chunk             |     1 |     8 ||     9
Armor: Robe              |     2 |     1 ||     3
       Leather armour    |       |     1 ||     1
Dodge: Dodged            |    10 |    15 ||    25
       Rpst.: Long sword |       |     2 ||     2
